 Dungeon Crawl Stone Soup version 0.30.0-29-ga12c61a403 (webtiles) character file.

Game seed: 15585943954308378512

61 monsoonserge the Caller (level 4, -3/32 HPs)
             Began as a Human Wanderer on June 6, 2023.
             Slain by a gnoll
             ... wielding a +0 halberd
              (4 damage)
             ... on level 2 of the Dungeon.
             The game lasted 00:05:50 (1010 turns).

monsoonserge the Caller (Human Wanderer)            Turns: 1010, Time: 00:05:50

Health: -3/32      AC:  4    Str:  9    XL:     4   Next: 27%
Magic:  7/7        EV: 12    Int: 12    God:
Gold:   94         SH:  0    Dex: 18    Spells: 7/8 levels left

rFire   . . .        e - +0 short sword
rCold   . . .        (no shield)
rNeg    . . .        d - +0 robe
rPois   .            (no helmet)
rElec   .            b - +0 cloak
rCorr   .            m - +0 pair of gloves
SInv    .            (no boots)
Will    .....        (no amulet)
Stlth   ++           o - ring of flight
HPRegen 0.25/turn    (no ring)
MPRegen 0.10/turn

%: no passive effects
@: mighty, flying
A: no striking features
a: no special abilities


You were on level 2 of the Dungeon.
You visited 1 branch of the dungeon, and saw 2 of its levels.

You collected 94 gold pieces.

Inventory:

Hand Weapons
 e - a +0 short sword (weapon)
Missiles
 k - 3 javelins
Armour
 b - a +0 cloak (worn)
 d - a +0 robe (worn)
 m - a +0 pair of gloves (worn)
 n - a +0 leather armour
Jewellery
 o - a ring of flight (left hand)
Scrolls
 a - 3 scrolls of vulnerability {unknown}
 c - 3 scrolls of blinking
 g - 2 scrolls of teleportation {unknown}
 h - 4 scrolls of identify {unknown}
 j - a scroll of immolation {unknown}
Potions
 f - a potion of flight {unknown}
 l - a potion of magic


   Skills:
 + Level 1.0 Fighting
 + Level 0.3 Short Blades
 - Level 1.1 Staves
 + Level 1.6 Dodging
 - Level 1.0 Stealth
 + Level 2.5 Spellcasting
 * Level 4.8 Summonings


You had 7 spell levels left.
You knew the following spells:

 Your Spells              Type           Power      Damage    Failure   Level
a - Summon Small Mammal   Summ           52%        N/A       3%          1

Your spell library contained the following spells:

 Spells                   Type           Power      Damage    Failure   Level
 Slow                     Hex            4%         N/A       26%         1
 Sting                    Tmut/Pois      4%         1d3       26%         1
 Summon Guardian Golem    Hex/Summ       7%         N/A       28%         3
 Confusing Touch          Hex            1%         N/A       61%         3
 Vampiric Draining        Necr           1%         2d6       61%         3
 Summon Lightning Spire   Summ/Air       7%         N/A       67%         4


Dungeon Overview and Level Annotations

Branches:
Dungeon (2/15)

Altars:

Annotations:
D:2 Sigmund


Message History

The adder closely misses you.
Your quokka barely misses the adder.
Your quokka bites the adder.
It was a potion of might.
You feel very mighty all of a sudden.
You feel sick. The adder bites you but does no damage.
Your quokka bites the adder.
Your quokka barely misses the adder.
You hit the adder.
You kill the adder!
You feel sick.
Your quokka closely misses the gnoll.
Your quokka barely misses the gnoll.
You have reached level 4!
You feel agile.
You puncture the gnoll!
The gnoll is severely wounded.
You feel sick.
Your quokka bites the gnoll but does no damage. x2
The gnoll misses your quokka.
Your quokka bites the gnoll but does no damage.
You are mighty.
You are mildly poisoned (12 -> 10).
You are flying.
Your flying speed is average.
Your attack delay is about 0.9.
Your damage rating with your +0 short sword is about 6 (Base 5 x 120% (Dex) x 101% (Skill)).
You hit the gnoll.
The gnoll is almost dead.
You feel sick.
Your quokka bites the gnoll.
The gnoll dies!
Your quokka bites the bat.
The bat dies!
You feel sick.
An endoplasm comes into view.
Your quokka bites the gnoll.
You swap places.
You feel sick.
You are no longer poisoned.
Your quokka disappears in a puff of smoke!
The gnoll hits you with a +0 halberd!
* * * LOW HITPOINT WARNING * * *
The gnoll misses you.
You see here a +0 flail.
You swap places.
The gnoll hits you from afar with a +0 halberd.
You die...

############
#...)......#
#..........#
#..........#
#..........#
####..........#
#.gr@.........#
#.g##..........# #..
#..........# #...
###J######## .....
#.######## .....#
##........# ......
###.........#
....#..............#
######.^.......#


You could see 2 gnolls, an endoplasm and a friendly quokka (summoned).

Vanquished Creatures
  An adder (D:2)
  A dart slug (D:1)
  4 endoplasms
  2 giant cockroaches
  2 hobgoblins
  A kobold (D:1)
  A quokka (D:1)
  4 ball pythons
  6 bats
  3 goblins (D:1)
  4 rats
29 creatures vanquished.

Vanquished Creatures (collateral kills)
  A gnoll (D:2)
  3 ball pythons (D:1)
  2 endoplasms (D:1)
  A hobgoblin (D:1)
  A bat (D:2)
8 creatures vanquished.

Grand Total: 37 creatures vanquished

Notes
Turn   | Place    | Note
-------+----------+-------------------------------------------
     0 | D:1      | monsoonserge the Human Wanderer began the quest for the
                  | Orb.
     0 | D:1      | monsoonserge set off with the following items: a +0
                  | quarterstaff, a +0 cloak, a scroll of blinking, a +0 robe;
                  | and the following spell memorised: Summon Small Mammal; and
                  | the following spells available to memorise: Summon Guardian
                  | Golem, Summon Lightning Spire.
     0 | D:1      | Reached XP level 1. HP: 15/15 MP: 3/3
    53 | D:1      | Reached XP level 2. HP: 18/21 MP: 1/5
   237 | D:1      | Reached XP level 3. HP: 19/26 MP: 1/6
   722 | D:2      | Found a faded altar of an unknown god.
   734 | D:2      | Got Plato's Omnibus of the Tincture
   832 | D:2      | Noticed Sigmund
  1006 | D:2      | Reached XP level 4. HP: 13/32 MP: 7/7
  1009 | D:2      | HP: 1/32 [gnoll/+0 halberd (9)]
  1010 | D:2      | Slain by a gnoll

Illustrated notes

Levels and vault maps discovered:
D:1:      minmay_arrival_diagonal_passages, layout_rooms, palyth_stone_intersect
D:2:      layout_rooms, shapermc_ecumenical_altar_rom_forum, kennysheep_donut,
          uniq_sigmund

Action                     |  1- 3 |  4- 6 || total
---------------------------+-------+-------++-------
  Melee: Quarterstaff      |    12 |       ||    12
         Short sword       |    94 |     2 ||    96
   Cast: Summon Small Mamm |    25 |       ||    25
    Use: Potion            |     2 |       ||     2
   Stab: Distracted        |     1 |       ||     1
         Sleeping          |     1 |       ||     1
 Armour: Robe              |    62 |       ||    62
  Dodge: Dodged            |    90 |     1 ||    91
